 Dungeon Crawl Stone Soup version 0.21-a0-171-g0f4a3b6 (webtiles) character file.

189475 Gorglomux the Severer (level 18, -4/244 HPs)
             Began as a Hill Orc Wizard on July 25, 2017.
             Was a High Priest of Okawaru.
             Killed from afar by a shock serpent (10 damage)
             ... with an electric aura
             ... on level 4 of the Snake Pit on Aug 7, 2017.
             The game lasted 02:09:41 (37485 turns).

Gorglomux the Severer (Hill Orc Wizard)            Turns: 37485, Time: 02:09:41

Health: -4/244     AC:  7    Str: 23    XL:     18   Next: 58%
Magic:  0/34       EV: 18    Int: 18    God:    Okawaru [*****.]
Gold:   1213       SH: 29    Dex: 11    Spells: 20/21 levels left

rFire    + . .     SeeInvis .   a - +5 broad axe (chop)
rCold    . . .     Gourm    .   O - +5 large shield
rNeg     . . .     Faith    .   (no armour)
rPois    .         Spirit   +   G - +2 helmet
rElec    .         Reflect  .   r - scarf {Spirit}
rCorr    .         Harm     .   L - +2 pair of gloves
MR       ++...                  (no boots)
Stlth    ..........             d - amulet of guardian spirit
HPRegen  0.50/turn              f - ring of protection from fire
MPRegen  0.24/turn              J - ring "Xora" {MR+ MP+9}

@: berserking, lethally poisoned (-4 -> -24), heroism, slowed
A: claws 1, agile 1, sturdy frame 1
a: Heroism, Finesse, Renounce Religion


You were on level 4 of the Snake Pit.
You worshipped Okawaru.
Okawaru was extremely pleased with you.
You were not hungry.

You visited 5 branches of the dungeon, and saw 28 of its levels.

You collected 2807 gold pieces.
You spent 1594 gold pieces at shops.

Inventory:

Hand Weapons
 a - a +5 broad axe of chopping (weapon)
Missiles
 Z - 3 throwing nets (quivered)
Armour
 c - the +11 chain mail "Vojun" {*Drain rCorr Str+3 Slay+5}
   (You bought it in a shop on level 2 of the Orcish Mines)

   It affects your strength (+3).
   It affects your accuracy and damage with ranged weapons and melee attacks
   (+5).
   It protects you from acid and corrosion.
   It causes draining when unequipped.
 i - a +1 plate armour of positive energy {god gift}
 n - the +2 swamp dragon scales of the Spheres {god gift, rPois Int+3 Dex+4}
   (Okawaru gifted it to you on level 14 of the Dungeon)

   It affects your intelligence (+3).
   It affects your dexterity (+4).
   It protects you from poison.
 r - a scarf of spirit shield (worn)
 y - the +1 plate armour of Context {god gift, rN+ rCorr Int+4}
   (Okawaru gifted it to you on level 4 of the Lair of Beasts)

   It affects your intelligence (+4).
   It protects you from negative energy.
   It protects you from acid and corrosion.
 G - a +2 helmet (worn)
 L - a +2 pair of gloves (worn)
 O - a +5 large shield (worn)
Jewellery
 d - an amulet of guardian spirit (around neck)
 f - a ring of protection from fire (left hand)
 g - an uncursed ring of resist corrosion
 J - the ring "Xora" (right hand) {MR+ MP+9}
   (You found it on level 4 of the Dungeon)

   [ring of magical power]

   It affects your resistance to hostile enchantments.
   It affects your magic capacity (+9).
Wands
 l - a wand of digging (8/24)
 p - a wand of acid (9/15)
 x - a wand of iceblast (4/15)
 C - a wand of confusion (16/48)
 D - a wand of digging (14/24)
 E - a wand of enslavement (8/24)
 I - a wand of iceblast (4/15)
 P - a wand of paralysis (0/24)
Scrolls
 e - 2 scrolls of immolation
 h - 5 scrolls of remove curse
 o - a scroll of summoning
 s - 2 scrolls of fear
 t - a scroll of fog
 B - a scroll of blinking
 M - 5 scrolls of magic mapping
 R - 2 scrolls of identify
 T - 10 scrolls of teleportation
 W - 5 scrolls of recharging
Potions
 k - 2 potions of lignification
 m - 2 potions of brilliance
 q - a potion of haste
 u - 2 potions of ambrosia
 v - 6 potions of degeneration
 F - 4 potions of cancellation
 H - 5 potions of flight
 K - 7 potions of mutation {!q}
 N - 2 potions of agility
 Q - 6 potions of curing
 V - 5 potions of might
 Y - a potion of heal wounds
Miscellaneous
 U - a box of beasts
 X - a phial of floods
Comestibles
 z - 14 meat rations
 A - 4 bread rations


   Skills:
 + Level 15.2(20.2) Fighting
   Level 2.2(7.2) Short Blades
 - Level 18.0(23.0) Axes
 + Level 14.1(19.1) Armour
 + Level 8.7(13.7) Dodging
 - Level 1.5(6.5) Stealth
 + Level 16.9(21.9) Shields
 - Level 2.4 Spellcasting
 - Level 1.0 Conjurations
   Level 1.0 Summonings
   Level 0.7 Translocations
 - Level 10.0 Invocations
 - Level 10.0 Evocations


You had 20 spell levels left.
You knew the following spells:

 Your Spells              Type           Power        Failure   Level  Hunger
a - Magic Dart            Conj           #...         17%         1    #......


Dungeon Overview and Level Annotations

Branches:
Dungeon (15/15)            Temple (1/1) D:6            Lair (6/6) D:11
 Shoals (0/4) Lair:4        Snake (4/4) Lair:4        Slime (0/5) Lair:5
    Orc (2/2) D:11            Elf (0/3) Orc:2        Vaults (0/5) D:14
 Depths (0/5) D:15

Altars:
Ashenzari
Cheibriados
Dithmenos
Elyvilon
Fedhas
Gozag
Hepliaklqana
Kikubaaqudgha
Makhleb
Nemelex Xobeh
Okawaru
Qazlal
Ru
Sif Muna
Trog
Uskayaw
Vehumet
Wu Jian
Xom
Yredelemnul
Zin
The Shining One
Jiyva

Shops:
D:5 [(:[   D:8 (   Orc:2 }([}   Snake:3 [

Annotations:
Lair:4 exclusion: oklob plant
Lair:5 1 runed door


Innate Abilities, Weirdness & Mutations

You have sharp fingernails.
You are agile. (Dex +2)
Your movements are slightly less encumbered by armour. (ER -2)


Message History

You block the naga warrior's attack!
Butt closely miss the naga warrior!
The naga warrior is moderately wounded!
You catch the helpless shock serpent completely off-guard!!!
You cut the shock serpent into ribbons!!!
The shock serpent's electric aura discharges, shocking butt!!! * * * don't die
* * * You chop the guardian serpent into pieces! * * * don't die
* * * You feel sick!
The guardian serpent barely misses you! You block the naga warrior's attack!
The naga warrior misses you!
The guardian serpent hits you but does no damage!
The naga warrior blocks your attack!
The butt warrior is moderately wounded!
You completely miss the guardian serpent!
You cut the shock serpent into ribbons!!!
You annihilate the shock serpent!!!
Okawaru roars: ANNIHILATED!
The air sparks with butt, shocking you!!! rip

........... .........
###....... ...#...# ....
#.....#....#
#)†.........(..#
#).(##.........##
#))S(#...#......#
###@[(#...#......#
###.N))))..........#
######.#.##...[........# #
#........#....#........#.#
###.#....#.)))............
##........)....)(.......
#.##......(............
#.....##...(.#)<......#
###.........(##......##


You could see a naga warrior and a guardian serpent.

Vanquished Creatures
  Agnes (D:14)
  A sphinx (D:15)
  Donald (Orc:2)
  2 nagarajas (Snake:3)
  Louise (Snake:1)
  The ghost of Leszczynek the Grappler, a journeyman TrSk of Nemelex Xobeh (D:14)
  Josephine (Orc:2)
  Erolcha (D:12)
  A fire dragon (Lair:6)
  8 hydras
  4 ogre magi
  Fannar (D:9)
  12 naga warriors
  5 centaur warriors
  7 anacondas
  15 two-headed ogres
  A deep troll earth mage (D:15)
  A queen ant (Lair:2)
  13 naga sharpshooters
  10 shock serpents
  The ghost of p0werm0de the Sneak, a novice NaEE (D:7)
  A deep elf knight (D:15)
  An iron troll (Orc:2)
  A skeletal warrior (D:14)
  A fire crab (Lair:6)
  9 sea snakes (Snake:2)
  2 unseen horrors (D:11)
  A deep troll (Orc:2)
  A lindwurm (shapeshifter) (D:14)
  4 naga ritualists
  A deep elf archer (D:14)
  A wizard (D:14)
  A swamp dragon (Lair:6)
  22 ugly things
  3 orc knights
  6 salamanders
  A manticore (D:15)
  9 mana vipers
  2 wolf spiders
  An orc sorcerer (Orc:2)
  2 deep elf magi (D:14)
  8 cyclopes
  2 centaur zombies
  A merfolk siren (Lair:4)
  A manticore (shapeshifter) (D:15)
  6 elephants (Lair:3)
  50 black mambas
  13 naga magi
  A gargoyle (D:10)
  2 torpor snails
  15 spiny frogs
  9 guardian serpents
  6 centaur skeletons
  An efreet (D:13)
  A yaktaur (shapeshifter) (D:13)
  11 komodo dragons
  4 rime drakes
  12 trolls
  A polar bear (Lair:6)
  3 hornets
  3 meliai (D:15)
  11 blink frogs
  A harpy skeleton (D:14)
  6 slime creatures
  3 dream sheep
  5 hippogriffs
  A meliai zombie (D:14)
  4 redbacks (Lair:6)
  A tarantella (shapeshifter) (D:13)
  43 yaks
  A spriggan (D:10)
  7 wraiths
  2 shadows
  16 wyverns
  A steam dragon (Lair:6)
  5 basilisks
  A hungry ghost (D:9)
  54 nagas
  7 vampire mosquitoes
  2 wargs
  An acid dragon (D:14)
  Duvessa (D:6)
  15 water moccasins
  10 porcupines
  6 soldier ants (Lair:2)
  20 orc warriors
  4 swamp drakes (Lair:6)
  4 ice beasts
  2 sky beasts
  2 necrophages
  3 phantoms
  31 ogres
  A black bear (D:7)
  9 wolves
  12 crocodiles
  26 centaurs
  2 big kobolds
  Blork the orc (D:6)
  16 bullfrogs
  A wyvern zombie (D:13)
  Dowan (D:6)
  A wyvern skeleton (D:14)
  6 scorpions
  8 wights
  A vampire bat (Orc:2)
  4 howler monkeys
  7 electric eels
  2 bullfrog zombies
  10 crimson imps
  A quasit (D:10)
  19 orc priests
  5 hounds
  8 jellies
  24 orc wizards
  4 bullfrog skeletons
  5 iguanas
  28 worker ants
  A hound skeleton (D:5)
  A worker ant zombie (D:6)
  15 adders
  7 gnolls
  2 shadow imps
  An adder zombie (D:6)
  An adder skeleton (D:6)
  3 worms
  A dart slug (D:2)
  3 leopard geckos
  77 orcs
  2 ball pythons (D:2)
  7 giant cockroaches
  9 hobgoblins
  11 jackals
  5 quokkas
  16 bats
  2 frilled lizards
  9 goblins
  20 kobolds
  2 quokka skeletons
  A quokka zombie (D:8)
  8 rats
  2 fungi (Lair:6)
  6 plants
992 creatures vanquished.

Vanquished Creatures (collateral kills)
  Rupert (Lair:6)
1 creature vanquished.

Vanquished Creatures (others)
  A salamander (Snake:4)
  15 fungi
  36 plants
52 creatures vanquished.

Grand Total: 1045 creatures vanquished

Notes
Turn   | Place    | Note
-------+----------+-------------------------------------------
     0 | D:1      | Gorglomux the Hill Orc Wizard began the quest for the Orb.
     0 | D:1      | Reached XP level 1. HP: 14/14 MP: 3/3
   113 | D:1      | Reached skill level 1 in Fighting
   181 | D:1      | Reached XP level 2. HP: 10/24 MP: 1/5
   781 | D:2      | Reached skill level 3 in Fighting
   781 | D:2      | Reached XP level 3. HP: 23/31 MP: 6/6
   959 | D:2      | Found an opulent altar of Gozag.
   988 | D:2      | Reached XP level 4. HP: 28/40 MP: 7/7
  1640 | D:2      | Reached XP level 5. HP: 48/48 MP: 8/8
  2258 | D:3      | Reached skill level 6 in Fighting
  2263 | D:3      | Gained mutation: You have sharp fingernails. [potion of mutation]
  2263 | D:3      | Gained mutation: Your movements are slightly less encumbered by armour. (ER -2) [potion of mutation]
  2263 | D:3      | Gained mutation: You are agile. (Dex +2) [potion of mutation]
  2558 | D:3      | Found a snail-covered altar of Cheibriados.
  2665 | D:3      | Reached XP level 6. HP: 58/58 MP: 9/9
  3114 | D:4      | Got a warped steel ring
  3417 | D:4      | Found a shadowy altar of Dithmenos.
  3420 | D:4      | Got a smoking amber ring
  3421 | D:4      | Identified the ring of Divine Intervention {Ice Int+2 Dex+4 Stlth+} (You found it on level 4 of the Dungeon)
  3423 | D:4      | Identified the ring "Xora" {MR+ MP+9} (You found it on level 4 of the Dungeon)
  3753 | D:5      | Entered Level 5 of the Dungeon
  3754 | D:5      | Found Hotekloe's Weapon Boutique.
  3836 | D:5      | Reached skill level 1 in Armour
  3962 | D:5      | Reached XP level 7. HP: 68/68 MP: 10/10
  3972 | D:5      | Found Kabbeus's Antique Armour Emporium.
  3982 | D:5      | Found a snail-covered altar of Cheibriados.
  4042 | D:5      | Found Wymia's Book Shoppe.
  4065 | D:5      | Found Ysiol's Antique Armour Boutique.
  4265 | D:5      | Found a blossoming altar of Fedhas.
  4378 | D:5      | Reached skill level 3 in Armour
  4668 | D:5      | Reached skill level 9 in Fighting
  4668 | D:5      | Reached skill level 1 in Shields
  4782 | D:5      | Reached XP level 8. HP: 70/78 MP: 11/11
  4880 | D:6      | Noticed Blork the orc
  4928 | D:6      | Killed Blork the orc
  5039 | D:6      | Reached skill level 3 in Shields
  5088 | D:6      | Found a staircase to the Ecumenical Temple.
  5183 | Temple   | Entered the Ecumenical Temple
  5326 | D:6      | Found a sparkling altar of Nemelex Xobeh.
  5382 | D:6      | Noticed Duvessa
  5383 | D:6      | Noticed Dowan
  5408 | D:6      | Killed Duvessa
  5408 | D:6      | Reached skill level 1 in Axes
  5428 | D:6      | Killed Dowan
  5717 | D:6      | Reached skill level 2 in Axes
  5724 | D:6      | Found a radiant altar of Vehumet.
  5954 | D:7      | Reached XP level 9. HP: 77/85 MP: 12/12
  5987 | D:7      | Found a white marble altar of Elyvilon.
  6011 | D:7      | Reached skill level 3 in Axes
  6187 | D:7      | Noticed p0werm0de's ghost (novice NaEE)
  6265 | D:7      | Reached skill level 6 in Armour
  6446 | D:7      | Found an iron altar of Okawaru.
  6482 | D:7      | Reached skill level 4 in Axes
  6511 | D:7      | Became a worshipper of Warmaster Okawaru
  7140 | D:7      | Killed p0werm0de's ghost
  7140 | D:7      | Reached * piety under Okawaru
  7140 | D:7      | Reached skill level 5 in Axes
  7306 | D:7      | Found a deep blue altar of Sif Muna.
  7812 | D:8      | Found Utaxt's Weapon Boutique.
  8066 | D:8      | Reached ** piety under Okawaru
  8531 | D:9      | Reached skill level 6 in Shields
  8531 | D:9      | Reached XP level 10. HP: 88/95 MP: 10/13
  8580 | D:9      | Reached skill level 6 in Axes
  8911 | D:9      | Noticed a two-headed ogre
  8936 | D:9      | Killed a two-headed ogre
  8936 | D:9      | Reached skill level 7 in Axes
  9300 | D:10     | Entered Level 10 of the Dungeon
  9373 | D:10     | Reached *** piety under Okawaru
  9409 | D:10     | Reached skill level 8 in Axes
  9464 | D:10     | Noticed Fannar
 10218 | D:9      | Killed Fannar
 10360 | D:10     | Reached skill level 9 in Armour
 10561 | D:10     | Noticed a purple ugly thing
 10592 | D:10     | Killed a purple ugly thing
 10592 | D:10     | Reached skill level 9 in Axes
 10592 | D:10     | Reached XP level 11. HP: 71/102 MP: 9/14
 10865 | D:10     | Reached **** piety under Okawaru
 11075 | D:11     | Found a staircase to the Orcish Mines.
 11144 | D:11     | Reached skill level 1 in Invocations
 11155 | D:11     | Reached skill level 9 in Shields
 11320 | D:10     | Reached skill level 1 in Evocations
 11603 | D:11     | Noticed a purple ugly thing
 11628 | D:11     | Killed a purple ugly thing
 11733 | D:11     | Found a staircase to the Lair.
 11811 | D:11     | Reached skill level 10 in Axes
 12149 | D:11     | Reached skill level 3 in Invocations
 12174 | D:11     | HP: 3/102 [electric eel/bolt of electricity (4)]
 13209 | D:11     | Noticed a brown ugly thing
 13229 | D:11     | Killed a brown ugly thing
 13474 | D:11     | Noticed a cyclops
 13554 | D:11     | Reached ***** piety under Okawaru
 13594 | D:11     | Killed a cyclops
 13594 | D:11     | Reached skill level 3 in Evocations
 13844 | D:11     | Killed an unseen horror
 13954 | D:11     | Noticed a two-headed ogre
 13968 | D:11     | Killed a two-headed ogre
 13968 | D:11     | Reached XP level 12. HP: 110/110 MP: 13/16
 14058 | D:11     | Reached skill level 11 in Axes
 14257 | Lair:1   | Entered Level 1 of the Lair of Beasts
 14456 | Lair:1   | Reached skill level 6 in Invocations
 14701 | Lair:1   | Found a labyrinth entrance.
 15839 | Lair:2   | Received a gift from Okawaru
 15921 | Lair:2   | Noticed a five-headed hydra
 16019 | Lair:2   | Killed a five-headed hydra
 16019 | Lair:2   | Reached skill level 12 in Axes
 16218 | Lair:2   | Noticed a queen ant
 16649 | Lair:2   | Killed a queen ant
 17069 | Lair:2   | Noticed an eight-headed hydra
 17098 | Lair:2   | Killed an eight-headed hydra
 17098 | Lair:2   | Reached skill level 6 in Evocations
 17574 | Lair:2   | Reached XP level 13. HP: 88/116 MP: 16/19
 18467 | Lair:3   | Reached skill level 13 in Axes
 18467 | Lair:3   | Reached skill level 9 in Invocations
 18817 | Lair:3   | Received a gift from Okawaru
 19525 | Lair:4   | Reached skill level 12 in Shields
 19750 | Lair:4   | Found a staircase to the Snake Pit.
 20433 | Lair:4   | Found a staircase to the Shoals.
 20459 | Lair:4   | Received a gift from Okawaru
 20462 | Lair:4   | Got a slimy plate armour {god gift}
 20473 | Lair:4   | Identified the +1 plate armour of Context {god gift, rN+ rCorr Int+4} (Okawaru gifted it to you on level 4 of the Lair of Beasts)
 21569 | Lair:5   | Found a runed door.
 21569 | Lair:5   | Found a viscous altar of Jiyva.
 21569 | Lair:5   | Found a staircase to the Slime Pits.
 21569 | Lair:5   | Noticed an acid blob
 21852 | Lair:6   | Entered Level 6 of the Lair of Beasts
 22004 | Lair:6   | Reached skill level 14 in Axes
 22360 | Lair:6   | Noticed a fire dragon
 22391 | Lair:6   | Reached skill level 9 in Evocations
 22391 | Lair:6   | Reached XP level 14. HP: 86/124 MP: 21/21
 22813 | Lair:6   | Reached skill level 15 in Axes
 23142 | Lair:6   | Reached XP level 15. HP: 88/129 MP: 20/22
 25235 | Lair:6   | Noticed Rupert
 25253 | Lair:6   | Killed Rupert
 25323 | Lair:6   | Identified a scroll of acquirement
 25464 | Lair:6   | Reached skill level 1 in Short Blades
 25775 | Lair:6   | Reached skill level 16 in Axes
 26058 | D:12     | Noticed Erolcha
 26071 | D:12     | Killed Erolcha
 26905 | D:13     | Reached skill level 17 in Axes
 27674 | D:14     | Noticed Agnes
 27687 | D:14     | Killed Agnes
 27693 | D:14     | Reached skill level 18 in Axes
 27936 | D:14     | Received a gift from Okawaru
 27961 | D:14     | Noticed Leszczynek's ghost (journeyman TrSk)
 27973 | D:14     | Killed Leszczynek's ghost
 28191 | D:14     | Reached skill level 3 in Dodging
 28191 | D:14     | Reached XP level 16. HP: 138/138 MP: 23/23
 28215 | D:14     | Received a gift from Okawaru
 28238 | D:14     | Found a gate to the Vaults.
 28658 | D:14     | Received a gift from Okawaru
 28666 | D:14     | Got fine swamp dragon scales {god gift}
 28677 | D:14     | Identified the +2 swamp dragon scales of the Spheres {god gift, rPois Int+3 Dex+4} (Okawaru gifted it to you on level 14 of the Dungeon)
 29022 | D:15     | Entered Level 15 of the Dungeon
 29138 | D:15     | Found a staircase to the Depths.
 29164 | D:15     | Reached skill level 12 in Fighting
 29708 | D:15     | Noticed a sphinx
 29722 | D:15     | Killed a sphinx
 29907 | D:15     | Found a white marble altar of Elyvilon.
 29909 | D:15     | Found a basalt altar of Yredelemnul.
 30495 | Orc:1    | Entered Level 1 of the Orcish Mines
 30669 | Orc:2    | Entered Level 2 of the Orcish Mines
 30669 | Orc:2    | Noticed Donald
 30686 | Orc:2    | Killed Donald
 30686 | Orc:2    | Reached skill level 15 in Shields
 30804 | Orc:2    | Found Wigedoc's Gadget Shop.
 30804 | Orc:2    | Found Docvaj's Weapon Shop.
 30828 | Orc:2    | Received a gift from Okawaru
 30839 | Orc:2    | Reached XP level 17. HP: 111/149 MP: 19/24
 30840 | Orc:2    | Found Kohias's Armour Emporium.
 30866 | Orc:2    | Reached skill level 6 in Dodging
 30918 | Orc:2    | Found Plog's Gadget Boutique.
 30921 | Orc:2    | Bought the +11 chain mail "Vojun" {*Drain rCorr Str+3 Slay+5} for 1594 gold pieces
 31044 | Orc:2    | Reached skill level 12 in Armour
 31363 | Orc:2    | Noticed Josephine
 31373 | Orc:2    | Killed Josephine
 31544 | Orc:2    | Found a staircase to the Elven Halls.
 31744 | Snake:1  | Entered Level 1 of the Snake Pit
 32086 | Snake:1  | Noticed Louise
 32145 | Snake:1  | Killed Louise
 32399 | Snake:1  | Found a snail-covered altar of Cheibriados.
 32578 | Snake:1  | Received a gift from Okawaru
 34896 | Snake:2  | Upgraded the game from 0.21-a0-143-g1ab7d47 to 0.21-a0-163-g3aa3f5d
 34896 | Snake:2  | Upgraded the game from 0.21-a0-163-g3aa3f5d to 0.21-a0-170-g0398fc9
 34932 | Snake:2  | Received a gift from Okawaru
 35260 | Snake:3  | Reached XP level 18. HP: 73/161 MP: 15/25
 35695 | Snake:3  | Found Xautzal's Antique Armour Emporium.
 36784 | Snake:4  | Entered Level 4 of the Snake Pit
 36901 | Snake:4  | Received a gift from Okawaru
 36934 | Snake:4  | Reached skill level 15 in Fighting
 36997 | Snake:4  | Upgraded the game from 0.21-a0-170-g0398fc9 to 0.21-a0-171-g0f4a3b6
 37479 | Snake:4  | HP: 1/163 [naga warrior/enchanted long sword (20)]
 37484 | Snake:4  | HP: 7/244 [shock serpent/electric aura (12)]
 37485 | Snake:4  | Killed from afar by a shock serpent

Vault maps used:
D:1:      saegor_arrival_simple_c, minmay_misc_feat_four_crosses,
          kennysheep_pointless_box
D:2:      nicolae_overflow_crystal_walls, first_bread, dk_noncrumbling_2,
          minmay_randomly_rotated_circles
D:3:      cheibriados_altar_1
D:4:      nicolae_dithmenos_shadow_blocks
D:5:      serial_shops, kennysheep_little_box, shop, shop, nicolae_shop_stone,
          basic_altar, hangedman_decor_growths, fedhas_bush_and_centaur_altar
D:6:      overflow_temple_1_default, marbit_many_paths,
          minmay_temple_entry_junction, uniq_duvessa, uniq_blork_the_orc
D:7:      elyvilon_altar_1, lemuel_crystal_altar, kennysheep_okawaru_gauntlet
D:8:      serial_shops, kennysheep_mini
D:10:     the_bakery, uniq_fannar
D:11:     erik_lair_island, david_orc_3, palyth_stone_intersect
D:12:     uniq_erolcha
D:14:     hangedman_vaults_entry_quadrant_bands, grunt_tough_drop, uniq_agnes
D:15:     hangedman_depths_entry_try_elsewhere_first,
          minmay_misc_feat_secret_circle, serial_glass, glass_columns_a,
          glass_columns_b, jmf_multi_god_temple
Temple:   zaba_magenta_temple
Lair:1:   lab_entry_generic
Lair:2:   minmay_another_anthill
Lair:3:   st_stairs_10
Lair:4:   minmay_shoals_entry_lonely_mermaid,
          minmay_snake_entry_guardpost_medium
Lair:5:   slime_altar_2, st_stairs_9
Lair:6:   hangedman_lair_tendril_chambers, guppyfry_lair_end_dragon,
          infiniplex_staircase_pool, uniq_rupert
Snake:1:  basic_altar, st_stairs_13, uniq_louise
Snake:2:  serial_bayou_lake_a, serial_bayou_shore_b
Snake:3:  serial_shops, shop
Snake:4:  grunt_snake_rune_serpentine_throne
Orc:1:    led_sif_book
Orc:2:    st_orc_open, roderic_batcave, uniq_josephine, uniq_donald

Skill      XL: |  1  2  3  4  5  6  7  8  9 10 11 12 13 14 15 16 17 18 |
---------------+-------------------------------------------------------+-----
Fighting       | 1 3 4 5 6 8 9 10 11 13 14 15 | 15.2
Armour         | 1 4 5 7 9 10 11 13 14 | 14.1
Shields        | 2 4 6 8 10 11 13 14 15 16 | 16.9
Axes           | 2 5 9 10 12 14 15 18 | 18.0
Invocations    | 5 8 10 | 10.0
Evocations     | 3 6 9 10 | 10.0
Short Blades   | 2 |  2.2
Dodging        | 3 5 7 8 |  8.7
Stealth        | |  1.5
Spellcasting   | |  2.4
Conjurations   | |  1.0
Summonings     | |  1.0
Translocations | |  0.7

Action                   |  1- 3 |  4- 6 |  7- 9 | 10-12 | 13-15 | 16-18 || total
-------------------------+-------+-------+-------+-------+-------+-------++-------
Melee: Dagger            |    79 |   294 |   346 |   839 |   502 |    12 ||  2072
       Short sword       |       |       |   215 |   482 |   124 |       ||   821
       Hand axe          |       |       |       |   189 |       |       ||   189
       Broad axe         |       |       |       |    25 |   404 |  1315 ||  1744
       War axe           |       |       |       |   127 |   484 |       ||   611
 Fire: Shortbow          |       |       |    86 |       |       |       ||    86
Throw: Throwing net      |       |       |     1 |       |       |       ||     1
 Cast: Magic Dart        |    10 |       |     3 |       |       |       ||    13
Invok: Heroism           |       |       |     1 |    30 |    31 |    33 ||    95
       Finesse           |       |       |       |     2 |     7 |    13 ||    22
Evoke: Wand              |       |       |       |    16 |    12 |    10 ||    38
       Phial of floods   |       |       |       |     1 |     3 |       ||     4
  Use: Potion            |       |     2 |       |     2 |     2 |     3 ||     9
       Scroll            |       |     1 |     5 |    18 |    16 |     9 ||    49
 Stab: Sleeping          |     1 |     2 |     1 |     3 |       |       ||     7
       Distracted        |       |       |     1 |     1 |     1 |     1 ||     4
       Confused          |       |       |       |     3 |     5 |     4 ||    12
  Eat: Chunk             |       |    10 |    14 |    30 |    24 |    19 ||    97
       Royal jelly       |       |       |     1 |     2 |     3 |     2 ||     8
       Fruit             |       |       |       |       |     2 |     6 ||     8
       Bread ration      |       |       |       |       |     1 |       ||     1
       Meat ration       |       |       |       |       |       |     1 ||     1
Armor: Robe              |     9 |    60 |       |       |       |       ||    69
       Fire dragon scale |       |    29 |   300 |   680 |    98 |       ||  1107
       Plate armour      |       |       |       |       |   461 |    27 ||   488
       Swamp dragon scal |       |       |       |       |       |   152 ||   152
       Skin              |       |       |       |       |       |    12 ||    12
Dodge: Dodged            |    54 |   147 |   234 |   329 |   216 |   363 ||  1343
Block: Buckler           |       |       |    62 |       |       |       ||    62
       Large shield      |       |       |   101 |  1353 |  1242 |  1411 ||  4107
